 Dungeon Crawl Stone Soup version 0.24-a0-789-g35933f4585 (webtiles) character file.

Game seed: 6639250573309991612, levelgen mode: deterministic

66 Kohma the Shield-Bearer (level 4, 0/29 HPs)
             Began as a Gargoyle Fighter on Oct 10, 2019.
             Killed by nerve-wracking pain
             ... invoked by Grinder
              (6 damage)
             ... on level 3 of the Dungeon.
             The game lasted 00:04:44 (2032 turns).

Kohma the Shield-Bearer (Gargoyle Fighter)          Turns: 2032, Time: 00:04:45

Health: 0/29       AC: 12    Str: 21    XL:     4   Next: 15%
Magic:  4/4        EV:  5    Int:  5    God:
Gold:   80         SH: 10    Dex:  9    Spells: 3/3 levels left

rFire    . . .     SeeInvis .   h - +2 dagger (venom)
rCold    . . .     Gourm    .   c - +1 shield
rNeg     + . .     Faith    .   j - +0 chain mail
rPois    ∞         Spirit   .   (no helmet)
rElec    +         Reflect  .   (no cloak)
rCorr    .         Harm     .   (no gloves)
MR       .....                  (no boots)
Stlth    ..........             (no amulet)
HPRegen  0.09/turn              m - -3 ring of intelligence (curse)
MPRegen  0.09/turn              n - ring of attention (curse)

@: no status effects
A: negative energy resistance 1, electricity resistance, unbreathing,
petrification resistance, rot immunity, AC +3
a: no special abilities


You were on level 3 of the Dungeon.
You were not hungry.

You visited 1 branch of the dungeon, and saw 3 of its levels.

You collected 80 gold pieces.

Inventory:

Hand Weapons
 a - a +0 flail
 e - a +1 short sword of draining
 h - a +2 dagger of venom (weapon)
Missiles
 g - 90 stones (quivered)
 p - 39 sling bullets
Armour
 b - a +0 pair of gloves
 c - a +1 shield (worn)
 j - a +0 chain mail (worn)
Jewellery
 m - a cursed -3 ring of intelligence (left hand)
 n - a cursed ring of attention (right hand)
Scrolls
 l - a scroll of enchant armour
 o - a scroll of magic mapping
Potions
 d - 2 potions of might
 i - a potion of magic
 k - a potion of brilliance
 r - 2 potions of lignification {unknown}
Comestibles
 f - 3 rations
 q - 9 chunks of flesh


   Skills:
 + Level 3.8 Fighting
 * Level 3.4 Maces & Flails
 - Level 3.2 Armour
 + Level 3.9 Shields


You had 3 spell levels left.
You didn't know any spells.
Your spell library was empty.

Dungeon Overview and Level Annotations

Branches:
Dungeon (3/15)

Altars:

Annotations:
D:3 Grinder


Innate Abilities, Weirdness & Mutations

You are resistant to torment.
Your stone body is resilient. (AC +3)
You are immune to poison.
You resist negative energy. (rN+)
You are resistant to electric shocks. (rElec)
You can survive without breathing.
You are immune to petrification.
You are immune to rotting.


Message History

Grinder is moderately wounded.
Grinder hits you but does no damage.
You closely miss Grinder.
Grinder is heavily wounded.
Grinder blinks!
Throwing (i - inventory)
g - 92 stones (quivered)
Press: ? - help, Shift-Dir - straight line, f/p - Grinder
Aim: Grinder (heavily wounded, poisoned)
You throw a stone.
The stone hits Grinder but does no damage.
Grinder is heavily wounded.
Throwing (i - inventory)
g - 91 stones (quivered)
Press: ? - help, Shift-Dir - straight line, f/p - Grinder
Aim: Grinder (heavily wounded, poisoned)
You throw a stone.
The stone hits Grinder but does no damage.
Grinder is heavily wounded.
Grinder gestures at you. Pain shoots through your body!
You die...

.### .... .... .... ....
.... .... ..########
.... ..5...§@.# ####
.........###############
.........#..)......[....
...>....('..).^.........
.........#.#########...#
.........#.# #...#
.........#.# #...#
...(.(..(#.# #...#
.#########.#########...#


You could see Grinder.

Vanquished Creatures
  2 oozes
  2 worms
  A dart slug (D:2)
  2 leopard geckos
  4 bats
  4 giant cockroaches
  4 hobgoblins
  6 jackals
  2 quokkas (D:2)
  4 frilled lizards (D:1)
  5 goblins
  5 kobolds
  2 rats
43 creatures vanquished.

Notes
Turn   | Place    | Note
-------+----------+-------------------------------------------
     0 | D:1      | Kohma the Gargoyle Fighter began the quest for the Orb.
     0 | D:1      | Reached XP level 1. HP: 14/14 MP: 1/1
   387 | D:1      | Reached XP level 2. HP: 19/19 MP: 2/2
   833 | D:1      | Reached XP level 3. HP: 23/23 MP: 3/3
  1837 | D:3      | Reached XP level 4. HP: 29/29 MP: 4/4
  2010 | D:3      | Noticed Grinder
  2013 | D:3      | Paralysed by Grinder for 4 turns
  2032 | D:3      | Killed from afar by Grinder

Levels and vault maps discovered:
D:1:      lightli_arrival_chessboard, layout_loops_ring, minmay_misc_feat_alley
D:2:      layout_loops_ring
D:3:      layout_basic, nicolae_dithmenos_shadow_blocks,
          hangedman_decor_clover_reticule, wad_floor_pattern_untrapped,
          uniq_grinder

Skill      XL: |  1  2  3 |
---------------+----------+-----
Maces & Flails | 3 |  3.4
Fighting       | |  3.8
Armour         | |  3.2
Shields        | |  3.9

Action                   |  1- 3 |  4- 6 || total
-------------------------+-------+-------++-------
Melee: Flail             |    40 |       ||    40
       Dagger            |   117 |    30 ||   147
Throw: Stone             |     4 |     3 ||     7
       Dart              |       |     8 ||     8
  Use: Scroll            |     6 |       ||     6
  Eat: Chunk             |     3 |     1 ||     4
Armor: Scale mail        |    54 |       ||    54
       Chain mail        |    33 |    20 ||    53
Dodge: Dodged            |    55 |     5 ||    60
Block: Shield            |    75 |    18 ||    93

Table legend:
 A = Non-vault XP
 B = Vault XP
 C = Vault XP percentage of total XP
 D = Non-vault monster count
 E = Vault monster count
 F = Vault count percentage of total count
                 A         B        C        D         E       F
            +---------+---------+-------+---------+---------+-------
      Total |      95 |       0 |   0.0 |      43 |       0 |   0.0
            +---------+---------+-------+---------+---------+-------
        D:1 |      34 |       0 |   0.0 |      18 |       0 |   0.0
        D:2 |      27 |       0 |   0.0 |      11 |       0 |   0.0
        D:3 |      34 |       0 |   0.0 |      14 |       0 |   0.0
            +---------+---------+-------+---------+---------+-------
